[Event "EIRCC 2019"]
[Site "Tallinn"]
[Date "2019.12.06"]
[Round "9.21"]
[White "Horvath, Dominik"]
[Black "Aleksandrov, Aleksej"]
[Result "0-1"]
[ECO "A13"]
[WhiteElo "2306"]
[BlackElo "2576"]
[Annotator "ChessBase"]
[PlyCount "122"]
[EventDate "2019.12.05"]
[EventType "swiss"]
[EventCountry "EST"]
[SourceTitle "playchess.com"]
[Source "ChessBase"]
[SourceQuality "1"]
[TimeControl "900+10"]

1. c4 e6 2. g3 d5 3. Bg2 dxc4 4. Qa4+ Nd7 5. Qxc4 c5 6. Nh3 Ngf6 7. O-O Be7 8. b3 O-O 9. Bb2 Rb8 10. Qc2 b6 11. d3 Bb7 12. e4 Rc8 13. Nd2 Nb8 14. Nc4 Nc6 15. Qe2 Nd4 16. Bxd4 Qxd4 17. Rad1 Nd7 18. Kh1 b5 19. Ne3 Ne5 20. f4 Nc6 21. f5 Qd6 22. Nf4 Nd4 23. Qg4 exf5 24. Nxf5 Nxf5 25. Qxf5 Bf6 26. Nd5 Bd4 27. Rde1 Rce8 28. e5 Bxe5 29. Nf6+ Qxf6 30. Bxb7 Qxf5 31. Rxf5 Bd4 32. Rxe8 Rxe8 33. Be4 g6 34. Rf1 f5 35. Bc6 Re2 36. Bxb5 Rxa2 37. b4 Kg7 38. Bc4 Rd2 39. b5 Be5 40. Re1 Kf6 41. Rf1 h5 42. Rb1 h4 43. b6 axb6 44. Rxb6+ Kg7 45. gxh4 Rxh2+ 46. Kg1 Rxh4 47. Kg2 Rh2+ 48. Kf3 Bd4 49. Rc6 Rf2+ 50. Kg3 Re2 51. Rc8 Kh6 52. Rc6 Re7 53. Kf4 Kh5 54. Rc8 Be3+ 55. Kf3 Kg5 56. Rc6 Bd4 57. Be6 Rh7 58. Bc4 Rg7 59. Rc8 Rb7 60. Rc6 Rb2 61. Bf7 Kh4 0-1

[Event "EIRCC 2019"]
[Site "Tallinn"]
[Date "2019.12.06"]
[Round "9.22"]
[White "Vorobjov, Pavel"]
[Black "Babula, Vlastimil"]
[Result "0-1"]
[ECO "E46"]
[WhiteElo "2304"]
[BlackElo "2559"]
[Annotator "ChessBase"]
[PlyCount "60"]
[EventDate "2019.12.05"]
[EventType "swiss"]
[EventCountry "EST"]
[SourceTitle "playchess.com"]
[Source "ChessBase"]
[SourceQuality "1"]
[TimeControl "900+10"]

1. d4 Nf6 2. c4 e6 3. Nc3 Bb4 4. e3 O-O 5. Nge2 d5 6. a3 Bd6 7. c5 Be7 8. Ng3 b6 9. b4 a5 10. Bd2 c6 11. f4 Nbd7 12. Bd3 Ba6 13. Bxa6 Rxa6 14. O-O Qa8 15. Rb1 Bd8 16. Rb2 axb4 17. axb4 bxc5 18. bxc5 Ba5 19. Nb1 Rb8 20. Qc2 Rxb2 21. Qxb2 Bxd2 22. Nxd2 Ra2 23. Qb4 h5 24. Rb1 Qa6 25. Qc3 h4 26. Ngf1 Qe2 27. Rb2 Ne4 28. Qc1 Rxb2 29. Qxb2 Qf2+ 30. Kh1 Nxd2 0-1

[Event "EIRCC 2019"]
[Site "Tallinn"]
[Date "2019.12.06"]
[Round "9.23"]
[White "Ruck, Robert"]
[Black "Kiik, Kalle"]
[Result "1-0"]
[ECO "D34"]
[WhiteElo "2551"]
[BlackElo "2295"]
[Annotator "ChessBase"]
[PlyCount "73"]
[EventDate "2019.12.05"]
[EventType "swiss"]
[EventCountry "EST"]
[SourceTitle "playchess.com"]
[Source "ChessBase"]
[SourceQuality "1"]
[TimeControl "900+10"]

1. Nf3 c5 2. c4 e6 3. g3 d5 4. cxd5 exd5 5. d4 Nc6 6. Bg2 Nf6 7. O-O Be7 8. Nc3 O-O 9. b3 Ne4 10. Bb2 Bf6 11. Na4 b6 12. Rc1 Re8 13. dxc5 Bxb2 14. Nxb2 bxc5 15. Na4 Ba6 16. Re1 c4 17. bxc4 Bxc4 18. Nd2 Nxd2 19. Qxd2 Ne5 20. Rcd1 Qf6 21. Nc3 Rad8 22. Nxd5 Bxd5 23. Bxd5 Rd7 24. Qc2 h5 25. Bg2 Rde7 26. Qd2 Ng4 27. e3 h4 28. Qe2 Qg6 29. Rd4 f5 30. Red1 hxg3 31. hxg3 Qh5 32. Qf3 Qh2+ 33. Kf1 Qh5 34. Qc6 Rxe3 35. fxe3 Nxe3+ 36. Kg1 Nxd1 37. Qd5+ 1-0

[Event "EIRCC 2019"]
[Site "Tallinn"]
[Date "2019.12.06"]
[Round "9.24"]
[White "Stocek, Jiri"]
[Black "Lavendelis, Egons"]
[Result "1-0"]
[ECO "D85"]
[WhiteElo "2532"]
[BlackElo "2293"]
[Annotator "ChessBase"]
[PlyCount "93"]
[EventDate "2019.12.05"]
[EventType "swiss"]
[EventCountry "EST"]
[SourceTitle "playchess.com"]
[Source "ChessBase"]
[SourceQuality "1"]
[TimeControl "900+10"]

1. d4 Nf6 2. c4 g6 3. Nc3 d5 4. Nf3 Bg7 5. cxd5 Nxd5 6. e4 Nxc3 7. bxc3 O-O 8. Be2 c5 9. O-O cxd4 10. cxd4 b6 11. Bg5 Bb7 12. Qd3 Nc6 13. Rad1 Rc8 14. d5 Na5 15. Qa3 f6 16. Bd2 f5 17. Ng5 Qd7 18. Qh3 h5 19. Ne6 fxe4 20. Qg3 Rf6 21. Nxg7 Kxg7 22. Bc3 Rxc3 23. Qxc3 Bxd5 24. Qe5 e6 25. f3 Nc6 26. Qc3 e3 27. Qxe3 Ne7 28. Qc3 Kf7 29. Rd2 Nf5 30. Rc1 Qd6 31. Qc7+ Qxc7 32. Rxc7+ Ne7 33. Rxa7 Rf4 34. Rb2 Kf6 35. Kf2 Nc6 36. Rc7 Ne5 37. Ra7 Nc4 38. Rb4 Rd4 39. Rc7 b5 40. a4 Rd2 41. axb5 Ne5 42. Ke3 Ra2 43. Rf4+ Kg5 44. h4+ Kh6 45. Rf8 g5 46. Rf6+ Ng6 47. Bd3 1-0

[Event "EIRCC 2019"]
[Site "Tallinn"]
[Date "2019.12.06"]
[Round "9.25"]
[White "Mickevicius, Juras"]
[Black "Ionov, Sergey"]
[Result "1-0"]
[ECO "E04"]
[WhiteElo "2288"]
[BlackElo "2480"]
[Annotator "ChessBase"]
[PlyCount "71"]
[EventDate "2019.12.05"]
[EventType "swiss"]
[EventCountry "EST"]
[SourceTitle "playchess.com"]
[Source "ChessBase"]
[SourceQuality "1"]
[TimeControl "900+10"]

1. d4 d5 2. c4 e6 3. Nf3 Nf6 4. g3 dxc4 5. Bg2 c5 6. O-O Nc6 7. Qa4 Bd7 8. Qxc4 b5 9. Qd3 c4 10. Qc2 Rc8 11. e4 Be7 12. Qe2 O-O 13. Rd1 Re8 14. Ne5 Qb6 15. Be3 Qb8 16. f4 Red8 17. g4 Be8 18. g5 Nd7 19. Nxc6 Rxc6 20. d5 exd5 21. exd5 Rcc8 22. Nc3 Nc5 23. Kh1 Bd6 24. Rf1 Nd3 25. Qd2 Bd7 26. Ne4 Bb4 27. Qc2 Re8 28. a3 Bf8 29. Qd2 Bf5 30. Ng3 Bd7 31. Bd4 Nc5 32. Be5 Bd6 33. Bxg7 Kxg7 34. Nh5+ Kg6 35. Qc3 Kxh5 36. Qg7 1-0

[Event "EIRCC 2019"]
[Site "Tallinn"]
[Date "2019.12.06"]
[Round "9.26"]
[White "Galopoulos, Nikolaos"]
[Black "Nasibullin, Iskander"]
[Result "0-1"]
[ECO "E06"]
[WhiteElo "2439"]
[BlackElo "2270"]
[Annotator "NA"]
[PlyCount "88"]
[EventDate "2019.12.05"]
[EventType "swiss"]
[EventCountry "EST"]
[SourceTitle "playchess.com"]
[Source "ChessBase"]
[SourceQuality "1"]
[TimeControl "900+10"]

1. d4 Nf6 2. c4 e6 3. g3 d5 4. Bg2 Be7 5. Nf3 O-O 6. Nc3 b6 7. O-O Bb7 8. Ne5 Na6 9. Qa4 Qe8 10. Qxe8 Rfxe8 11. Bf4 c5 12. Rfd1 Bf8 13. dxc5 Nxc5 14. cxd5 exd5 15. Nd3 Rad8 16. Bg5 d4 17. Bxf6 gxf6 18. Nb5 Bxg2 19. Kxg2 a6 20. Nxc5 bxc5 21. Na3 Rxe2 22. Nc4 Bh6 23. Rd3 Rc2 24. b3 Re8 25. Rf3 Re6 26. Rf5 d3 27. Rd1 d2 28. f4 Re1 29. Rxd2 Rxd2+ 30. Nxd2 Re2+ 31. Kh3 Rxd2 32. Rxf6 Bg7 33. Rxa6 Bd4 34. a4 Kg7 35. Ra8 Rb2 36. Rb8 Bg1 37. a5 c4 38. b4 c3 39. a6 c2 40. Rc8 Be3 41. b5 c1=Q 42. Rxc1 Bxc1 43. a7 Ra2 44. b6 Be3 0-1

[Event "EIRCC 2019"]
[Site "Tallinn"]
[Date "2019.12.06"]
[Round "9.27"]
[White "Gretarsson, Helgi Ass"]
[Black "Martynov, Roman"]
[Result "0-1"]
[ECO "E32"]
[WhiteElo "2421"]
[BlackElo "2269"]
[Annotator "NA"]
[PlyCount "92"]
[EventDate "2019.12.05"]
[EventType "swiss"]
[EventCountry "EST"]
[SourceTitle "playchess.com"]
[Source "ChessBase"]
[SourceQuality "1"]
[TimeControl "900+10"]

1. d4 Nf6 2. c4 e6 3. Nc3 Bb4 4. Qc2 O-O 5. e4 d5 6. e5 Ne4 7. Bd3 c5 8. Nf3 cxd4 9. Nxd4 Nd7 10. cxd5 exd5 11. e6 Ndc5 12. exf7+ Rxf7 13. O-O Nxd3 14. Qxd3 Bxc3 15. bxc3 Nc5 16. Qg3 b6 17. Bf4 Qd7 18. Nf3 Ne4 19. Qh4 Ba6 20. Rfe1 Qf5 21. Ng5 Nxg5 22. Bxg5 Rc8 23. Be7 Rc4 24. Qg3 Qc8 25. Re3 d4 26. cxd4 Rc1+ 27. Re1 Rxa1 28. Rxa1 Rxe7 29. Qa3 Qb7 30. h3 Bc4 31. Qb4 Bd5 32. f3 h6 33. Rc1 Bxa2 34. Qd6 Qd7 35. Qb8+ Kh7 36. Qf4 Bd5 37. h4 Qe6 38. Kh1 a5 39. h5 a4 40. Rc3 Qe1+ 41. Kh2 Qxc3 42. Qf5+ Kh8 43. Qxd5 Qc7+ 44. g3 Qd7 45. Qa8+ Re8 46. Qa6 Qxd4 0-1

[Event "EIRCC 2019"]
[Site "Tallinn"]
[Date "2019.12.06"]
[Round "9.28"]
[White "Heinzel, Olaf"]
[Black "Pohjala, Henri"]
[Result "1/2-1/2"]
[ECO "D00"]
[WhiteElo "2269"]
[BlackElo "2418"]
[Annotator "NA"]
[PlyCount "75"]
[EventDate "2019.12.05"]
[EventType "swiss"]
[EventCountry "EST"]
[SourceTitle "playchess.com"]
[Source "ChessBase"]
[SourceQuality "1"]
[TimeControl "900+10"]

1. d4 d5 2. Bf4 Nf6 3. Nd2 Bf5 4. e3 e6 5. Ngf3 Bd6 6. Ne5 Nbd7 7. Be2 Bxe5 8. dxe5 Ne4 9. Nxe4 Bxe4 10. Bd3 Bxd3 11. cxd3 c6 12. O-O O-O 13. Rb1 Qa5 14. Qg4 f5 15. exf6 Rxf6 16. a3 Re8 17. Bg3 Qb5 18. d4 Qd3 19. b3 Rg6 20. Qd1 Qe4 21. a4 e5 22. Qd2 exd4 23. exd4 Rge6 24. a5 Qe2 25. Qb4 b6 26. axb6 axb6 27. h3 h6 28. Qa4 R8e7 29. Rbc1 c5 30. Qa8+ Kh7 31. Qxd5 Nf6 32. Qf5+ g6 33. Qf4 Nh5 34. Qb8 Re8 35. Qc7+ R8e7 36. Qb8 Re8 37. Qc7+ R8e7 38. Qb8 1/2-1/2

[Event "EIRCC 2019"]
[Site "Tallinn"]
[Date "2019.12.06"]
[Round "9.29"]
[White "Studer, Noel"]
[Black "Rocha, Sergio"]
[Result "1-0"]
[ECO "C41"]
[WhiteElo "2405"]
[BlackElo "2249"]
[Annotator "NA"]
[PlyCount "97"]
[EventDate "2019.12.05"]
[EventType "swiss"]
[EventCountry "EST"]
[SourceTitle "playchess.com"]
[Source "ChessBase"]
[SourceQuality "1"]
[TimeControl "900+10"]

1. d4 d6 2. e4 Nf6 3. Nc3 e5 4. Nf3 Nbd7 5. Bc4 Be7 6. a4 O-O 7. O-O c6 8. Re1 b6 9. h3 a6 10. Ba2 Bb7 11. Be3 b5 12. axb5 axb5 13. b4 Qc7 14. Qd3 h6 15. Nh4 Rfe8 16. Nf5 Bf8 17. Bb3 d5 18. Rxa8 Bxa8 19. exd5 e4 20. Qe2 Bxb4 21. Bd2 Bxc3 22. Bxc3 cxd5 23. Bb4 Nf8 24. Qxb5 Ne6 25. Bd6 Qc3 26. Rd1 Ng5 27. Ne3 Bc6 28. Qb6 Bd7 29. Be5 Re6 30. Qb8+ Re8 31. Qd6 Re6 32. Qc7 Qxc7 33. Bxc7 Rc6 34. Be5 Be6 35. Ra1 Nd7 36. Bf4 Nh7 37. Ra8+ Nhf8 38. Ba4 Rb6 39. Bxd7 Bxd7 40. Nxd5 Rb1+ 41. Kh2 g5 42. Bd6 Kg7 43. Bxf8+ Kg6 44. Ra6+ Be6 45. Nc3 Rb8 46. Bc5 Kf5 47. g4+ Kf4 48. Bd6+ Kf3 49. Bxb8 1-0

[Event "EIRCC 2019"]
[Site "Tallinn"]
[Date "2019.12.06"]
[Round "9.30"]
[White "Vlassow, Valentin"]
[Black "Haitin, Ilja"]
[Result "1-0"]
[ECO "B01"]
[WhiteElo "2394"]
[BlackElo "2232"]
[Annotator "NA"]
[PlyCount "88"]
[EventDate "2019.12.05"]
[EventType "swiss"]
[EventCountry "EST"]
[SourceTitle "playchess.com"]
[Source "ChessBase"]
[SourceQuality "1"]
[TimeControl "900+10"]

1. e4 d5 2. exd5 Qxd5 3. Nf3 g6 4. d4 Bg7 5. Be2 Nh6 6. O-O O-O 7. Bf4 c5 8. dxc5 Qxc5 9. c3 Nc6 10. Nbd2 e5 11. Be3 Qe7 12. Ne4 b6 13. Bg5 Qe6 14. Qb3 Na5 15. Qxe6 Bxe6 16. Nxe5 Bxe5 17. Bxh6 Rfe8 18. Bb5 Red8 19. Rfd1 Rxd1+ 20. Rxd1 Bxa2 21. b4 Bc4 22. bxa5 Bxb5 23. Rd5 Re8 24. Rxb5 Bxc3 25. f3 Bd4+ 26. Kf1 f5 27. Rd5 fxe4 28. Rxd4 exf3 29. gxf3 bxa5 30. Rd7 Ra8 31. Be3 Rf8 32. Kg2 Re8 33. Kf2 a6 34. Bd4 Re6 35. Rg7+ Kf8 36. Rxh7 a4 37. Rc7 Ke8 38. Rc4 Kd7 39. Rxa4 Rc6 40. h4 Ke6 41. Kg3 Kd5 42. Kg4 Rc1 43. Be3 Re1 44. Kf4 Rh1 {Ke4+} 1-0

[Event "EIRCC 2019"]
[Site "Tallinn"]
[Date "2019.12.06"]
[Round "9.31"]
[White "Krupenski, Juri"]
[Black "Sysolyatin, Evgeny"]
[Result "1-0"]
[ECO "E06"]
[WhiteElo "2373"]
[BlackElo "2231"]
[Annotator "RC"]
[PlyCount "147"]
[EventDate "2019.12.05"]
[EventType "swiss"]
[EventCountry "EST"]
[SourceTitle "playchess.com"]
[Source "ChessBase"]
[SourceQuality "1"]
[TimeControl "900+10"]

1. d4 d5 2. c4 e6 3. Nf3 Nf6 4. g3 Be7 5. Bg2 Nbd7 6. O-O dxc4 7. Qa4 a6 8. Qxc4 b5 9. Qc2 Bb7 10. Nc3 c5 11. dxc5 Nxc5 12. Rd1 Qc8 13. Be3 Nce4 14. Rac1 Nxc3 15. Qxc3 Qxc3 16. Rxc3 Nd5 17. Rb3 Nxe3 18. Rxe3 Rd8 19. Rxd8+ Bxd8 20. Ne5 Bxg2 21. Kxg2 Bf6 22. Nd3 Ke7 23. Re4 Rc8 24. Kf3 Kd6 25. b3 a5 26. Ke3 Rc2 27. a4 Rc3 28. b4 Rc4 29. axb5 Rxe4+ 30. Kxe4 a4 31. Nc1 Kc7 32. Kd3 Kb6 33. Kc4 Bb2 34. Nd3 a3 35. Kb3 Kxb5 36. Nc5 Kc6 37. Nd3 Kb5 38. Nc5 Kc6 39. Ne4 h6 40. Nd2 Kd5 41. Nc4 Bd4 42. f3 a2 43. e4+ Kc6 44. Kxa2 f5 45. Kb3 h5 46. Na3 g5 47. Kc4 Bf2 48. Nc2 fxe4 49. fxe4 g4 50. Nd4+ Kd6 51. Ne2 e5 52. Kb5 Kc7 53. Kc4 Kd6 54. Kd3 Kc6 55. Nc3 h4 56. gxh4 Bxh4 57. Ke2 Bg5 58. Nd5 Kb5 59. Kd3 Bh4 60. Ne3 g3 61. h3 Kxb4 62. Ke2 Bg5 63. Nf5 Bf4 64. h4 Kc4 65. h5 Kc3 66. Kf3 Kd3 67. Nxg3 Kc4 68. Nf5 Bg5 69. h6 Bf6 70. h7 Kc5 71. Nh4 Kd6 72. Kg4 Ke6 73. Kh5 Kf7 74. Ng6 1-0

[Event "EIRCC 2019"]
[Site "Tallinn"]
[Date "2019.12.06"]
[Round "9.32"]
[White "Khakimov, Timur"]
[Black "Degtiarev, Evgeny"]
[Result "1-0"]
[ECO "D00"]
[WhiteElo "2253"]
[BlackElo "2367"]
[Annotator "NA"]
[PlyCount "113"]
[EventDate "2019.12.05"]
[EventType "swiss"]
[EventCountry "EST"]
[SourceTitle "playchess.com"]
[Source "ChessBase"]
[SourceQuality "1"]
[TimeControl "900+10"]

1. d4 d5 2. Bf4 Nf6 3. e3 e6 4. Nf3 Bd6 5. Ne5 Nfd7 6. Bd3 Nc6 7. Qg4 Ndxe5 8. dxe5 Bb4+ 9. c3 Bf8 10. Nd2 Ne7 11. Nf3 Nf5 12. Qh3 c5 13. g4 Ne7 14. Ng5 h6 15. Nh7 Ng6 16. Nxf8 Rxf8 17. Bg3 Bd7 18. Qh5 Qg5 19. f4 Qxh5 20. gxh5 Ne7 21. Bh4 d4 22. e4 dxc3 23. bxc3 Bc6 24. Rg1 Rg8 25. O-O-O a5 26. f5 exf5 27. exf5 Bf3 28. Rd2 Bxh5 29. Bb5+ Nc6 30. Rd6 Rc8 31. Rxh6 gxh6 32. Rxg8+ Kd7 33. e6+ fxe6 34. fxe6+ Kc7 35. Bg3+ Kb6 36. Rxc8 Kxb5 37. Rc7 Kc4 38. Kd2 Kd5 39. e7 Ke6 40. Rxb7 Be8 41. Rc7 h5 42. Ke3 c4 43. Kf4 Nxe7 44. Rxc4 Nd5+ 45. Kg5 Bf7 46. Rc5 a4 47. a3 Ke7 48. c4 Nb6 49. Rc7+ Ke8 50. c5 Nc4 51. Bd6 Bd5 52. Kf6 Kd8 53. c6 Nxd6 54. Rd7+ Kc8 55. Rxd6 Bf3 56. Kg5 Kc7 57. Rh6 1-0

[Event "EIRCC 2019"]
[Site "Tallinn"]
[Date "2019.12.06"]
[Round "9.35"]
[White "Dubrovin, Robert"]
[Black "Shishkov, Andrei"]
[Result "1/2-1/2"]
[ECO "D30"]
[WhiteElo "2235"]
[BlackElo "2352"]
[Annotator "NA"]
[PlyCount "105"]
[EventDate "2019.12.05"]
[EventType "swiss"]
[EventCountry "EST"]
[SourceTitle "playchess.com"]
[Source "ChessBase"]
[SourceQuality "1"]
[TimeControl "900+10"]

1. d4 d5 2. c4 e6 3. Nf3 a6 4. Nbd2 Nf6 5. g3 c5 6. cxd5 exd5 7. Bg2 Nc6 8. dxc5 Bxc5 9. O-O O-O 10. Nb3 Ba7 11. Nbd4 Re8 12. Bf4 Nxd4 13. Nxd4 Qb6 14. Nb3 Bg4 15. Bf3 Bh3 16. Bg2 Qe6 17. Re1 Bxg2 18. Kxg2 h6 19. Qd3 Ng4 20. Rf1 Qxe2 21. Qxe2 Rxe2 22. Kf3 Rxf2+ 23. Kxg4 Rxh2 24. Kf3 Rxb2 25. Be5 Rc2 26. Bd4 Bxd4 27. Nxd4 Rc3+ 28. Kg2 Rac8 29. Nf5 Rc2+ 30. Rf2 Rxf2+ 31. Kxf2 Rc2+ 32. Ke3 Kf8 33. a4 h5 34. Rb1 g6 35. Nd4 Rc3+ 36. Kf4 Rc7 37. Ke5 Rd7 38. Rb6 Ke7 39. a5 Kd8 40. Rd6 Rxd6 41. Kxd6 g5 42. Nf5 h4 43. g4 h3 44. Kxd5 h2 45. Ng3 Kc7 46. Nh1 f6 47. Kc5 Kd7 48. Kb6 Kc8 49. Ng3 Kb8 50. Nh1 Kc8 51. Ng3 Kb8 52. Nh1 Kc8 53. Ng3 1/2-1/2

[Event "EIRCC 2019"]
[Site "Tallinn"]
[Date "2019.12.06"]
[Round "9.36"]
[White "Wallin, Aleksi"]
[Black "Duzhakov, Ilya"]
[Result "0-1"]
[ECO "A05"]
[WhiteElo "2219"]
[BlackElo "2351"]
[Annotator "NA"]
[PlyCount "44"]
[EventDate "2019.12.05"]
[EventType "swiss"]
[EventCountry "EST"]
[SourceTitle "playchess.com"]
[Source "ChessBase"]
[SourceQuality "1"]
[TimeControl "900+10"]

1. Nf3 Nf6 2. c4 g6 3. Nc3 d5 4. cxd5 Nxd5 5. Qc2 Nc6 6. Qb3 Nb6 7. d4 Bg7 8. e3 O-O 9. Be2 e5 10. d5 e4 11. dxc6 exf3 12. Bxf3 bxc6 13. O-O Be6 14. Qc2 Rb8 15. Rd1 Qf6 16. Ne4 Qf5 17. Qc5 Rfd8 18. Bd2 Na4 19. Qxf5 gxf5 20. Ng5 Nxb2 21. Nxe6 fxe6 22. Ba5 Nxd1 0-1

[Event "EIRCC 2019"]
[Site "Tallinn"]
[Date "2019.12.06"]
[Round "10.1"]
[White "Kulaots, Kaido"]
[Black "Yuffa, Daniil"]
[Result "1-0"]
[ECO "B12"]
[WhiteElo "2538"]
[BlackElo "2566"]
[Annotator "ChessBase"]
[PlyCount "91"]
[EventDate "2019.12.05"]
[EventType "swiss"]
[EventCountry "EST"]
[SourceTitle "playchess.com"]
[Source "ChessBase"]
[SourceQuality "1"]
[TimeControl "900+10"]

1. e4 c6 2. d4 d5 3. e5 Bf5 4. Nf3 e6 5. Be2 c5 6. Be3 Qb6 7. Nc3 Nc6 8. O-O Qxb2 9. Qe1 cxd4 10. Bxd4 Nxd4 11. Nxd4 Bb4 12. Ndb5 Ba5 13. Rb1 Qxc2 14. Rb3 Ne7 15. Nd6+ Kf8 16. Nxb7 Bb6 17. Nd6 Ba5 18. Bf3 Bd3 19. Qc1 Ng6 20. Qa3 Bxf1 21. Qxa5 Nxe5 22. Kxf1 Nxf3 23. gxf3 Qc1+ 24. Ke2 Qc2+ 25. Ke1 Qc1+ 26. Nd1 Qc6 27. Qb4 a5 28. Qb7 Qxb7 29. Rxb7 f6 30. Nc3 h5 31. Ncb5 Kg8 32. Nc7 Kh7 33. Nxa8 Rxa8 34. a4 Kg6 35. Rb5 d4 36. Kd2 e5 37. Nc4 Kf5 38. Rxa5 Rd8 39. Rb5 Kf4 40. a5 Kxf3 41. a6 e4 42. a7 e3+ 43. fxe3 dxe3+ 44. Ke1 Rc8 45. Rb8 Rxc4 46. a8=Q+ 1-0

[Event "EIRCC 2019"]
[Site "Tallinn"]
[Date "2019.12.06"]
[Round "10.3"]
[White "Turov, Maxim"]
[Black "Nguyen, Thai Dai Van"]
[Result "1/2-1/2"]
[ECO "D30"]
[WhiteElo "2574"]
[BlackElo "2553"]
[Annotator "ChessBase"]
[PlyCount "33"]
[EventDate "2019.12.05"]
[EventType "swiss"]
[EventCountry "EST"]
[SourceTitle "playchess.com"]
[Source "ChessBase"]
[SourceQuality "1"]
[TimeControl "900+10"]

1. d4 Nf6 2. Nf3 d5 3. c4 e6 4. Bg5 dxc4 5. Qa4+ Nbd7 6. Nc3 Be7 7. e3 O-O 8. Bxc4 h6 9. Bh4 a6 10. Be2 b5 11. Qc2 Bb7 12. O-O c5 13. dxc5 Nxc5 14. Rfd1 Qb6 15. b4 Nce4 16. Nxe4 Bxe4 17. Qb2 1/2-1/2

[Event "EIRCC 2019"]
[Site "Tallinn"]
[Date "2019.12.06"]
[Round "10.8"]
[White "Ladva, Ottomar"]
[Black "Saric, Ante"]
[Result "0-1"]
[ECO "A05"]
[WhiteElo "2513"]
[BlackElo "2556"]
[Annotator "ChessBase"]
[PlyCount "70"]
[EventDate "2019.12.05"]
[EventType "swiss"]
[EventCountry "EST"]
[SourceTitle "playchess.com"]
[Source "ChessBase"]
[SourceQuality "1"]
[TimeControl "900+10"]

1. Nf3 Nf6 2. g3 g6 3. d4 d5 4. Bg2 Bg7 5. O-O O-O 6. Nbd2 c6 7. b3 a5 8. a4 Bf5 9. Bb2 Na6 10. Ne5 Nd7 11. e3 Nb4 12. Rc1 Na2 13. g4 Nxc1 14. gxf5 Nxe5 15. dxe5 Na2 16. c3 Bxe5 17. Qa1 Nxc3 18. Bxc3 Bxc3 19. Qxc3 gxf5 20. Qe5 Qd7 21. Bh3 e6 22. Qf6 Qd8 23. Qh6 Kh8 24. Kh1 Rg8 25. Nf3 Rg6 26. Qh5 Qf6 27. Nd4 Rh6 28. Qf3 Qh4 29. Rg1 Qxh3 30. Qf4 Qh4 31. Qc7 Rg8 32. Qe5+ Qf6 33. Rxg8+ Kxg8 34. Qb8+ Kg7 35. Nf3 Qa1+ 0-1

[Event "EIRCC 2019"]
[Site "Tallinn"]
[Date "2019.12.06"]
[Round "10.9"]
[White "Usmanov, Vasily"]
[Black "Potapov, Pavel"]
[Result "1-0"]
[ECO "E00"]
[WhiteElo "2436"]
[BlackElo "2482"]
[Annotator "ChessBase"]
[PlyCount "91"]
[EventDate "2019.12.05"]
[EventType "swiss"]
[EventCountry "EST"]
[SourceTitle "playchess.com"]
[Source "ChessBase"]
[SourceQuality "1"]
[TimeControl "900+10"]

1. d4 e6 2. c4 Nf6 3. a3 b6 4. Nc3 Bb7 5. d5 g6 6. e4 exd5 7. cxd5 Bg7 8. Bd3 O-O 9. Nf3 c6 10. O-O cxd5 11. exd5 d6 12. Bg5 h6 13. Bf4 Na6 14. Qd2 Kh7 15. Rad1 Nc7 16. Bc4 Qd7 17. Qd3 Rac8 18. h3 Rfd8 19. Rd2 a6 20. Rfd1 b5 21. Ba2 Re8 22. Ne1 Re7 23. Nc2 Rce8 24. Nb4 Ne4 25. Nxe4 Rxe4 26. Qg3 Be5 27. Bxe5 R4xe5 28. Kh2 Rg5 29. Qc3 a5 30. Nc6 a4 31. f4 Rf5 32. Rd4 Rc8 33. g4 Nxd5 34. Bxd5 Rxd5 35. Rxd5 Rxc6 36. Qf6 Rc2+ 37. R5d2 Qc7 38. Kg3 Rxd2 39. Rxd2 Qc6 40. Qxf7+ Kh8 41. Qf8+ Kh7 42. Qe7+ Kh8 43. Qf6+ Kh7 44. Qe7+ Kg8 45. Re2 Qf3+ 46. Kh4 1-0

[Event "EIRCC 2019"]
[Site "Tallinn"]
[Date "2019.12.06"]
[Round "10.11"]
[White "Demidov, Mikhail"]
[Black "Sipila, Vilka"]
[Result "0-1"]
[ECO "A06"]
[WhiteElo "2552"]
[BlackElo "2383"]
[Annotator "ChessBase"]
[PlyCount "82"]
[EventDate "2019.12.05"]
[EventType "swiss"]
[EventCountry "EST"]
[SourceTitle "playchess.com"]
[Source "ChessBase"]
[SourceQuality "1"]
[TimeControl "900+10"]

1. Nf3 d5 2. g3 Nf6 3. Bg2 e6 4. O-O Be7 5. c4 O-O 6. d3 c5 7. cxd5 exd5 8. d4 Nc6 9. Nc3 c4 10. Ne5 Be6 11. b3 Qa5 12. Bd2 Bb4 13. Nxc6 bxc6 14. Qc2 Bf5 15. Qxf5 Bxc3 16. Bxc3 Qxc3 17. bxc4 Qxd4 18. cxd5 cxd5 19. Rac1 g6 20. Qc2 Rab8 21. e3 Qe5 22. Qc5 Rb2 23. Qxa7 Rd2 24. Rcd1 Qb2 25. Rxd2 Qxd2 26. a4 Kg7 27. a5 Rc8 28. Bh3 Rc6 29. Bg2 Rc2 30. a6 Ra2 31. Qb7 Ra5 32. Bh3 Ne4 33. Be6 Ng5 34. Bc8 Ra2 35. h4 Nf3+ 36. Kg2 Ne1+ 37. Kh1 Nd3 38. Kg2 Nxf2 39. Be6 Ne4+ 40. Kh3 Qg2+ 41. Kg4 Qxg3# 0-1

[Event "EIRCC 2019"]
[Site "Tallinn"]
[Date "2019.12.06"]
[Round "10.15"]
[White "Aleksandrov, Aleksej"]
[Black "Duzhakov, Ilya"]
[Result "1-0"]
[ECO "A28"]
[WhiteElo "2592"]
[BlackElo "2399"]
[Annotator "ChessBase"]
[PlyCount "63"]
[EventDate "2019.12.05"]
[EventType "swiss"]
[EventCountry "EST"]
[SourceTitle "playchess.com"]
[Source "ChessBase"]
[SourceQuality "1"]
[TimeControl "900+10"]

1. c4 e5 2. Nc3 Nf6 3. Nf3 Nc6 4. e4 Bb4 5. d3 Bxc3+ 6. bxc3 h6 7. g3 O-O 8. Bg2 d6 9. O-O Ne7 10. Nh4 g5 11. Nf5 Nxf5 12. exf5 Bxf5 13. h4 Nh7 14. Bxb7 Rb8 15. Bg2 Qf6 16. hxg5 hxg5 17. Be3 Qg6 18. d4 Bd3 19. Re1 Bxc4 20. dxe5 dxe5 21. Qa4 Qe6 22. Qxa7 c6 23. a4 Bd5 24. a5 f5 25. Bd4 Ra8 26. Qc7 Bxg2 27. Rxe5 Qg6 28. Re7 Nf6 29. Kxg2 f4 30. Qxc6 fxg3 31. Qe6+ Rf7 32. Rxf7 1-0

[Event "EIRCC 2019"]
[Site "Tallinn"]
[Date "2019.12.06"]
[Round "10.17"]
[White "Stupak, Kirill"]
[Black "Shubin, Kirill"]
[Result "1/2-1/2"]
[ECO "A25"]
[WhiteElo "2529"]
[BlackElo "2430"]
[Annotator "ChessBase"]
[PlyCount "86"]
[EventDate "2019.12.05"]
[EventType "swiss"]
[EventCountry "EST"]
[SourceTitle "playchess.com"]
[Source "ChessBase"]
[SourceQuality "1"]
[TimeControl "900+10"]

1. c4 e5 2. g3 Nc6 3. Bg2 g6 4. Nc3 Bg7 5. h4 h5 6. d3 Nge7 7. Nf3 d6 8. Rb1 a5 9. O-O O-O 10. a3 Bg4 11. b4 axb4 12. axb4 Qd7 13. b5 Nd8 14. Ne4 Bh3 15. Bxh3 Qxh3 16. b6 Qd7 17. bxc7 Qxc7 18. Qb3 Ra6 19. Be3 Qc6 20. Qb5 Nf5 21. Bg5 f6 22. Bd2 Rf7 23. Nc3 Ne6 24. Qb2 Nfd4 25. Nxd4 Nxd4 26. Be3 Ne6 27. Nd5 Ra8 28. Qd2 f5 29. Rb6 Qd7 30. Qb4 f4 31. Qxd6 Nf8 32. Qxd7 Nxd7 33. Rxg6 fxe3 34. fxe3 Ra6 35. Rg5 Rh6 36. e4 Nc5 37. Rff5 Ne6 38. Rxf7 Kxf7 39. Rf5+ Ke8 40. Kf2 Rh8 41. e3 Rf8 42. Ke2 Rxf5 43. exf5 Nc5 1/2-1/2

[Event "EIRCC 2019"]
[Site "Tallinn"]
[Date "2019.12.06"]
[Round "10.18"]
[White "Ruck, Robert"]
[Black "Shvyrjov, Igor"]
[Result "1-0"]
[ECO "A04"]
[WhiteElo "2530"]
[BlackElo "2382"]
[Annotator "ChessBase"]
[PlyCount "79"]
[EventDate "2019.12.05"]
[EventType "swiss"]
[EventCountry "EST"]
[SourceTitle "playchess.com"]
[Source "ChessBase"]
[SourceQuality "1"]
[TimeControl "900+10"]

1. Nf3 g6 2. e4 Bg7 3. d4 d6 4. Bc4 c6 5. Bb3 Nf6 6. Nbd2 O-O 7. O-O a5 8. a4 Bg4 9. Re1 e5 10. dxe5 dxe5 11. h3 Bxf3 12. Qxf3 Nbd7 13. c3 Nc5 14. Bc2 Qe7 15. Nc4 Qe6 16. Qe2 Nh5 17. Be3 Qe7 18. Nxa5 Rxa5 19. b4 Nxe4 20. Bxe4 Raa8 21. Bc5 Qg5 22. Bxf8 Rxf8 23. Qe3 Nf4 24. Qg3 Qd8 25. a5 f5 26. Bc2 Qd2 27. Bb3+ Kh8 28. Qe3 Qd8 29. a6 bxa6 30. Rxa6 Qg5 31. Qg3 Qd8 32. Rxc6 Nd3 33. Rd1 e4 34. Bc4 f4 35. Qg4 Qa8 36. Rc7 Qa4 37. Bxd3 exd3 38. Rxd3 f3 39. Qd7 Qa1+ 40. Rd1 1-0